 Dungeon Crawl Stone Soup version 0.23-a0-667-gc184e93 (webtiles) character file.

170 galech the Covered (level 5, -2/41 HPs)
             Began as a Demonspawn Fighter on Jan 8, 2019.
             Slain by a bullfrog (4 damage)
             ... on level 4 of the Dungeon.
             The game lasted 00:02:26 (2248 turns).

galech the Covered (Demonspawn Fighter)             Turns: 2248, Time: 00:02:26

Health: -2/41      AC:  6    Str: 22    XL:     5   Next: 26%
Magic:  5/5        EV:  8    Int:  9    God:
Gold:   136        SH:  9    Dex: 13    Spells: 4/4 levels left

rFire    . . .     SeeInvis .   a - +0 war axe
rCold    . . .     Gourm    .   c - +0 shield
rNeg     . . .     Faith    .   b - +0 scale mail
rPois    .         Spirit   .   (no helmet)
rElec    .         Reflect  .   (no cloak)
rCorr    .         Harm     .   (no gloves)
MR       .....                  (no boots)
Stlth    +.........             (no amulet)
HPRegen  0.13/turn              i - ring of stealth
MPRegen  0.09/turn              (no ring)

@: mighty
A: claws 1
a: no special abilities


You were on level 4 of the Dungeon.
You were not hungry.

You visited 1 branch of the dungeon, and saw 4 of its levels.

You collected 136 gold pieces.

Inventory:

Hand Weapons
 a - a +0 war axe (weapon)
Armour
 b - a +0 scale mail (worn)
 c - a +0 shield (worn)
Jewellery
 i - a ring of stealth (left claw)
Scrolls
 e - a scroll of blinking {unknown}
 j - 2 scrolls of fear {unknown}
 k - 2 scrolls of identify {unknown}
 l - a scroll of enchant weapon {unknown}
 m - a scroll of amnesia {unknown}
 n - 4 scrolls of teleportation {unknown}
 o - a scroll of magic mapping {unknown}
 q - a scroll of remove curse {unknown}
 t - a scroll of fog {unknown}
Potions
 g - a potion of berserk rage {unknown}
 h - a potion of degeneration {unknown}
 p - a potion of invisibility {unknown}
 s - a potion of haste
 u - a potion of curing {unknown}
Comestibles
 d - 2 chunks of flesh
 f - 5 rations


   Skills:
 + Level 3.3 Fighting
 + Level 3.5 Axes
 + Level 3.5 Armour
 + Level 0.9 Dodging
 + Level 3.2 Shields


You had 4 spell levels left.
You didn't know any spells.
Your spell library contained the following spells:

 Spells                   Type           Power        Failure   Level  Hunger
 Confusing Touch          Hex            #.....       99%         1    ##.....
 Confuse                  Hex            #.......     100%        3    ####...
 Gell's Gravitas          Tloc           #.........   100%        3    ####...
 Petrify                  Tmut/Erth      #.......     100%        4    #####..
 Metabolic Englaciation   Hex/Ice        #.........   100%        5    ######.
 Yara's Violent Unravell  Hex/Tmut       #.........   100%        5    ######.


Dungeon Overview and Level Annotations

Branches:
Dungeon (4/15)
 Temple: D:4-7

Altars:
Gozag
Sif Muna

Annotations:
D:3 Natasha, Sigmund


Innate Abilities, Weirdness & Mutations

You have sharp fingernails.


Message History

The bullfrog is moderately wounded.
The leopard gecko hisses angrily.
The bullfrog hits you.
* * * LOW HITPOINT WARNING * * *
The bullfrog hits you.
* * * LOW HITPOINT WARNING * * *
You feel very mighty all of a sudden. You block the bullfrog's attack.
You hit the bullfrog.
The bullfrog is heavily wounded.
The bullfrog hits you.
* * * LOW HITPOINT WARNING * * *
The bullfrog barely misses you.
The leopard gecko bites you but does no damage.
You closely miss the bullfrog.
The bullfrog is heavily wounded.
You slash the leopard gecko!
You kill the leopard gecko!
You block the bullfrog's attack. x2; The bullfrog hits you.
You die...

#. #..
####...
..#...#
.....#
....##
##F....#
#@...>.#
##?....#
......#
......#
###..##
###


You could see a bullfrog.

Vanquished Creatures
  A crimson imp (D:3)
  A worker ant (D:3)
  Natasha (D:3)
  A gnoll (D:1)
  3 adders (D:2)
  2 worms (D:2)
  A dart slug (D:2)
  2 leopard geckos
  3 bats
  3 giant cockroaches
  A goblin (D:2)
  4 hobgoblins
  7 kobolds
  3 quokkas
  3 frilled lizards
  5 rats
41 creatures vanquished.

Notes
Turn   | Place    | Note
-------+----------+-------------------------------------------
     0 | D:1      | galech the Demonspawn Fighter began the quest for the Orb.
     0 | D:1      | Reached XP level 1. HP: 18/18 MP: 1/1
   222 | D:1      | Gained mutation: You have sharp fingernails. [demonic
                  | ancestry]
   222 | D:1      | Reached XP level 2. HP: 5/24 MP: 2/2
   929 | D:2      | Reached XP level 3. HP: 29/29 MP: 3/3
   969 | D:2      | Found an opulent altar of Gozag.
  1585 | D:2      | Reached XP level 4. HP: 28/35 MP: 4/4
  1624 | D:2      | Found a deep blue altar of Sif Muna.
  2121 | D:3      | Reached XP level 5. HP: 36/41 MP: 5/5
  2148 | D:3      | Noticed Natasha
  2152 | D:3      | Killed Natasha
  2226 | D:3      | Noticed Sigmund
  2228 | D:3      | Noticed Natasha
  2247 | D:4      | HP: 2/41 [bullfrog (3)]
  2248 | D:4      | Slain by a bullfrog

Vault maps used:
D:1:      dpeg_arrival_signposts
D:2:      led_sif_pool, grunt_gozag_breadcrumbs
D:3:      chequers_ecumenical_altar_simple_redux, uniq_sigmund, uniq_natasha,
          uniq_ijyb
D:4:      first_ration, uniq_crazy_yiuf_cottage, uniq_pikel

Skill      XL: |  1  2  3  4 |
---------------+-------------+-----
Axes           | 2 3 |  3.5
Armour         | 3 |  3.5
Shields        | 3 |  3.2
Fighting       | |  3.3
Dodging        | |  0.9

Action                   |  1- 3 |  4- 6 || total
-------------------------+-------+-------++-------
Melee: War axe           |   113 |    46 ||   159
  Use: Potion            |       |     6 ||     6
  Eat: Chunk             |     2 |     2 ||     4
Armor: Scale mail        |    50 |    18 ||    68
Dodge: Dodged            |    24 |    25 ||    49
Block: Shield            |    58 |    27 ||    85

Table legend:
 A = Non-vault XP
 B = Vault XP
 C = Vault XP percentage of total XP
 D = Non-vault monster count
 E = Vault monster count
 F = Vault count percentage of total count
                 A         B        C        D         E       F
            +---------+---------+-------+---------+---------+-------
      Total |     209 |      35 |  14.3 |      40 |       1 |   2.4
            +---------+---------+-------+---------+---------+-------
        D:1 |      34 |       0 |   0.0 |      13 |       0 |   0.0
        D:2 |      81 |       0 |   0.0 |      22 |       0 |   0.0
        D:3 |      91 |      35 |  27.8 |       4 |       1 |  20.0
        D:4 |       3 |       0 |   0.0 |       1 |       0 |   0.0
            +---------+---------+-------+---------+---------+-------
